 Dungeon Crawl Stone Soup version 0.17.2-1-ge4368a0 (webtiles) character file.

106068 Goblin1989 the Brawler (level 15, -13/122 HPs)
             Began as a Demonspawn Fighter on Sept 7, 2016.
             Was a High Priest of Okawaru.
             Killed from afar by a deep elf knight (26 damage)
             ... with an orb of energy
             ... on level 15 of the Dungeon.
             The game lasted 02:27:50 (34482 turns).

Goblin1989 the Brawler (Demonspawn Fighter)        Turns: 34482, Time: 02:27:50

Health: -13/122    AC: 20    Str: 25    XL:     15   Next: 96%
Magic:  0/19       EV:  7    Int: 14    God:    Okawaru [*****.]
Gold:   2014       SH: 14    Dex: 23    Spells: 3 memorised, 6 levels left

rFire  + + +     SeeInvis .       - Unarmed
rCold  + . .     Clarity  .     D - +1 plate armour {rC+}
rNeg   . . .     SustAt   .     q - +0 shield {reflect}
rPois  +         Gourm    +     (helmet restricted)
rElec  +         Spirit   +     A - +1 cloak "Torroed" {rElec rF+++ Str-4 Dex+4}
rCorr  .         Warding  .     I - +0 pair of gloves {Str+3}
rMut   .         Stasis   .     (boots unavailable)
MR     +....                    G - amulet of the gourmand
Stlth  ..........               M - ring of poison resistance
                                F - ring "Mosuss" {Str+4 Int+4 Dex+6}

@: very slightly contaminated, somewhat resistant to hostile enchantments,
extremely unstealthy
A: antennae 2, claws 1, talons 3, foul stench 2, mutation resistance 1, sense
surroundings 1, magic shield, rot immunity
a: Heroism, Finesse, Renounce Religion


You were on level 15 of the Dungeon.
You worshipped Okawaru.
Okawaru was extremely pleased with you.
You were hungry.

You visited 3 branches of the dungeon, and saw 27 of its levels.
You visited 1 bazaar.
You also visited: Labyrinth and Ice Cave.

You collected 3595 gold pieces.
You spent 1581 gold pieces at shops.

Inventory:

Hand Weapons
 b - a +4 blowgun
Missiles
 c - 3 javelins
 u - 28 curare-tipped needles
 y - 10 silver javelins
 z - 10 needles of sleeping
 H - 4 throwing nets (quivered)
 J - 7 javelins of returning
 V - 5 steel javelins
Armour
 q - a +0 shield of reflection (worn)
 A - the +1 cloak "Torroed" (worn) {rElec rF+++ Str-4 Dex+4}
   (Okawaru gifted it to you on level 1 of the Lair of Beasts)

   It affects your strength (-4).
   It affects your dexterity (+4).
   It renders you almost immune to fire.
   It insulates you from electricity.
 D - a +1 plate armour of cold resistance (worn)
 I - a +0 pair of gloves of strength (worn)
Jewellery
 h - an uncursed ring of positive energy
 F - the ring "Mosuss" (left hand) {Str+4 Int+4 Dex+6}
   (You bought it in a shop in a bazaar)

   [ring of intelligence]

   It affects your strength (+4).
   It affects your intelligence (+4).
   It affects your dexterity (+6).
 G - an amulet of the gourmand (around neck)
 M - a ring of poison resistance (right hand)
 X - an uncursed ring of protection from cold
Wands
 g - a wand of teleportation (5)
 B - a wand of teleportation (2)
 L - a wand of disintegration (9)
 O - a wand of digging (20)
 T - a wand of teleportation (5)
Scrolls
 f - 3 scrolls of vulnerability {unknown}
 i - 8 scrolls of remove curse
 k - 7 scrolls of immolation
 l - 7 scrolls of enchant armour
 n - 7 scrolls of magic mapping
 r - 9 scrolls of recharging
 s - 8 scrolls of teleportation
 x - 4 scrolls of fog
 N - 4 scrolls of fear
 S - 6 scrolls of blinking
Potions
 d - 3 potions of haste
 j - a potion of resistance
 m - 4 potions of agility
 o - 2 potions of cancellation
 p - 7 potions of curing
 t - 5 potions of heal wounds
 w - a potion of ambrosia
 E - a potion of cure mutation
 Q - 2 potions of flight
 W - a potion of might
 Z - a potion of invisibility
Comestibles
 a - 8 beef jerkies
 e - 14 bread rations
 P - 6 meat rations
 R - 9 slices of pizza


   Skills:
 + Level 12.4 Fighting
   Level 2.4 Maces & Flails
 - Level 2.4 Throwing
 + Level 11.9 Armour
 + Level 11.8 Shields
 * Level 16.4 Unarmed Combat
 - Level 6.2 Invocations


You had 6 spell levels left.
You knew the following spells:

 Your Spells              Type           Power        Failure   Level  Hunger
a - Apportation           Tloc           #.........   100%        1    ##.....
b - Portal Projectile     Tloc           #.....       100%        3    ####...
c - Passage of Golubria   Tloc           N/A          100%        4    #####..


Dungeon Overview and Level Annotations

Branches:
Dungeon (15/15)            Temple (0/1) D:5            Lair (8/8) D:10
  Swamp (0/4) Lair:4       Spider (0/4) Lair:5        Slime (0/6) Lair:7
    Orc (4/4) D:9             Elf (0/3) Orc:3        Vaults (0/5) D:13
 Depths (0/5) D:15

Altars:
Cheibriados
Dithmenos
Elyvilon
Fedhas
Kikubaaqudgha
Nemelex Xobeh
Okawaru
Trog
Vehumet
Xom
The Shining One
Beogh
Jiyva

Shops:
D:5 *   D:7 }   D:8 %=[   D:9 %   Orc:2 [   Orc:4 :?}(

Annotations:
D:3 Goblin1989's ghost, amateur DsFi
Lair:6 exclusion: oklob plant


Innate Abilities, Weirdness & Mutations

You have a pair of antennae on your head.
You have sharp fingernails.
You have claws for feet.
You frequently emit foul miasma when damaged in melee.
When hurt, damage is shared between your health and your magic reserves.
You are immune to rotting.
You are somewhat resistant to further mutation.
You passively map a small area around you.


Message History

The deep elf knight hits you with a scimitar.
* * * LOW HITPOINT WARNING * * *
The ogre mage mumbles some strange words.
The ogre mage blinks!
The ettin is engulfed in dark miasma.
The ettin looks even sicker.
You take 36 damage, and have 13/122 hp.
MASSIVE DAMAGE!!
You now have 3/19 mp.
Read which item? (? for menu, Esc to quit)
Blink to where?
Press: ? - help, Dir - move target cursor You are very lightly contaminated with residual magic.
As you read the scroll of blinking, it crumbles to dust.
The deep elf knight mumbles some strange words.
The deep elf knight seems to speed up.
You open the door.
You feel yourself speed up.
The deep elf knight points at you and mumbles some strange words.
The orb of energy hits you!
You die...

............#..# , ,, ,....
............#..#, ... ,, ....
............#..# ... * *#...
##+#+##.......#..# ....,* , #...
......#####'###..#......#,, #...
.....O..........##......# ,,#...
................#.......+, #...
......#.........'.......#####...
....§..)Ce.....@#...............
......#W........#..........)†)..
..####.###......##...........###
..# .........#...........#..
#... #........##.#'###....#..
#.. #.........#<#...#....#..
#.#.* #.........#.#...#....#.. ,
.#. , #..c......#.#...#....#.. *
* , , #.##+##....#..


You could see an ettin, a deep elf knight and a centaur (wandering).

Vanquished Creatures
  Rupert (Lair:8)
  Donald (D:13)
  A frost giant (IceCv)
  Snorg (Lair:7)
  Josephine (D:10)
  A minotaur (Lab)
  Harold (D:10)
  15 hydras
  An ogre mage (D:15)
  2 centaur warriors
  3 death yaks
  A queen ant (Lair:5)
  4 tengu warriors
  Nergalle (Lair:1)
  A skeletal warrior (D:13)
  4 unseen horrors
  5 orc knights
  9 hill giants
  3 orc sorcerers
  2 ugly things
  7 elephants (Lair:8)
  Maurice (Orc:1)
  5 black mambas
  A centaur zombie (D:12)
  Joseph (D:8)
  An ice statue (IceCv)
  17 spiny frogs
  2 kobold demonologists
  3 fire drakes
  9 komodo dragons
  7 trolls
  A yaktaur (D:15)
  13 polar bears (IceCv)
  A harpy zombie (D:15)
  33 blink frogs
  A slime creature (D:13)
  3 two-headed ogres
  A boulder beetle (D:14)
  A deep elf mage (D:14)
  Sigmund (D:3)
  4 wraiths
  3 wyverns
  15 hippogriffs
  3 basilisks
  17 humans
  A shadow (D:15)
  25 wolves
  84 yaks
  7 vampire mosquitoes (D:14)
  Menkaure (D:5)
  7 hungry ghosts
  20 soldier ants (Lair:5)
  3 wargs
  7 porcupines
  21 water moccasins
  Duvessa (D:5)
  An eye of draining (D:10)
  39 orc warriors
  7 spiders (Lair:5)
  10 ogres
  3 black bears
  5 ice beasts
  A sky beast (D:5)
  2 phantoms
  14 centaurs
  3 big kobolds
  A brain worm (D:10)
  12 crocodiles
  Blork the orc (D:5)
  17 giant frogs
  4 wyvern zombies
  A gnoll sergeant (D:7)
  2 wyvern skeletons
  7 wights
  Dowan (D:5)
  5 electric eels
  7 scorpions
  10 killer bees
  6 crimson imps
  3 giant frog zombies
  7 hounds
  2 quasits
  4 jellies
  19 orc wizards
  2 centaur skeletons
  36 orc priests
  5 iguanas
  4 giant frog skeletons
  25 worker ants
  33 sheep
  A hound zombie (D:11)
  A hound skeleton (D:6)
  13 adders
  6 gnolls (D:7)
  3 shadow imps
  59 river rats
  12 white imps (Lair:5)
  2 oozes
  A worm (D:1)
  An adder skeleton (D:4)
  8 giant geckos
  190 orcs
  7 bats
  7 giant cockroaches
  4 goblins
  10 hobgoblins
  10 jackals
  21 kobolds
  8 quokkas
  2 giant gecko skeletons
  12 giant newts
  A quokka zombie (D:5)
  11 rats
1075 creatures vanquished.

Vanquished Creatures (others)
  2 kobolds
  11 fungi
  5 plants
18 creatures vanquished.

Grand Total: 1093 creatures vanquished

Notes
Turn   | Place    | Note
--------------------------------------------------------------
     0 | D:1      | Goblin1989 the Demonspawn Fighter began the quest for the Orb.
     0 | D:1      | Reached XP level 1. HP: 18/18 MP: 1/1
   242 | D:1      | Gained mutation: You have sharp toenails. [demonic ancestry]
   242 | D:1      | Reached XP level 2. HP: 22/24 MP: 2/2
   341 | D:1      | Reached skill level 1 in Unarmed Combat
   750 | D:1      | Gained mutation: You are immune to rotting. [demonic ancestry]
   750 | D:1      | Reached XP level 3. HP: 19/29 MP: 3/3
  1062 | D:2      | Found an ancient bone altar of Kikubaaqudgha.
  1062 | D:2      | Found a bloodstained altar of Trog.
  1567 | D:2      | Gained mutation: You may emit foul miasma when damaged in melee. [demonic ancestry]
  1567 | D:2      | Reached XP level 4. HP: 33/35 MP: 4/4
  1629 | D:2      | Found a glowing golden altar of the Shining One.
  1630 | D:2      | Found an iron altar of Okawaru.
  1637 | D:2      | Became a worshipper of Warmaster Okawaru
  1812 | D:2      | Found a snail-covered altar of Cheibriados.
  2590 | D:3      | Found a shimmering altar of Xom.
  2763 | D:3      | Noticed Sigmund
  2771 | D:3      | Killed Sigmund
  2771 | D:3      | Reached * piety under Okawaru
  2771 | D:3      | Reached skill level 5 in Unarmed Combat
  2771 | D:3      | Reached XP level 5. HP: 26/41 MP: 5/5
  2771 | D:3      | Reached XP level 6. HP: 29/47 MP: 6/6
  2812 | D:3      | Found a radiant altar of Vehumet.
  2824 | D:3      | Reached ** piety under Okawaru
  3106 | D:3      | Noticed Goblin1989's ghost (amateur DsFi)
  3542 | D:4      | Reached skill level 6 in Unarmed Combat
  3736 | D:4      | Reached XP level 7. HP: 30/52 MP: 7/7
  4536 | D:5      | Entered Level 5 of the Dungeon
  4536 | D:5      | Noticed Blork the orc
  4548 | D:5      | Killed Blork the orc
  4567 | D:5      | Reached skill level 7 in Unarmed Combat
  4594 | D:5      | Found a staircase to the Ecumenical Temple.
  4594 | D:5      | Noticed Duvessa
  4594 | D:5      | Noticed Dowan
  4603 | D:5      | Killed Dowan
  4615 | D:5      | Killed Duvessa
  4623 | D:5      | Reached *** piety under Okawaru
  4813 | D:5      | Gained mutation: You have razor-sharp toenails. [demonic ancestry]
  4813 | D:5      | Reached XP level 8. HP: 46/60 MP: 8/8
  4875 | D:5      | Noticed Menkaure
  4890 | D:5      | Killed Menkaure
  4936 | D:5      | Found Zirobb's Serpentskin Sales.
  4940 | D:5      | Bought 3 curare-tipped needles for 25 gold pieces
  4940 | D:5      | Bought 8 curare-tipped needles for 67 gold pieces
  5671 | D:6      | Reached skill level 8 in Unarmed Combat
  5972 | D:6      | Reached **** piety under Okawaru
  6402 | D:6      | Gained mutation: You have claws for feet. [demonic ancestry]
  6402 | D:6      | Reached XP level 9. HP: 54/67 MP: 9/9
  6743 | D:6      | Reached skill level 5 in Fighting
  7175 | D:7      | Found Ohaopie's Gadget Emporium.
  7677 | D:7      | Reached skill level 9 in Unarmed Combat
  7693 | D:7      | Reached skill level 5 in Shields
  7849 | D:7      | Reached skill level 5 in Armour
  8373 | D:8      | Found Loghux's Jewellery Boutique.
  8406 | D:8      | Found Kairyf's Armour Boutique.
  8460 | D:8      | Noticed Joseph
  8485 | D:8      | Killed Joseph
  8496 | D:8      | Found a sparkling altar of Nemelex Xobeh.
  8785 | D:8      | Reached skill level 10 in Unarmed Combat
  8785 | D:8      | Gained mutation: You have a pair of small antennae on your head. [demonic ancestry]
  8785 | D:8      | Reached XP level 10. HP: 59/76 MP: 10/10
  8799 | D:8      | Found Viap's Food Shop.
  9332 | D:9      | Found a staircase to the Orcish Mines.
  9343 | D:9      | Found Dipt's Food Emporium.
  9500 | D:9      | Found a snail-covered altar of Cheibriados.
  9592 | D:9      | Gained mutation: You passively map a small area around you. [potion of beneficial mutation]
  9645 | D:9      | Reached ***** piety under Okawaru
  9925 | D:9      | Noticed a cyan ugly thing
  9954 | D:9      | Killed a cyan ugly thing
  9957 | D:9      | Reached skill level 1 in Throwing
 10436 | D:10     | Entered Level 10 of the Dungeon
 10447 | D:10     | Noticed Harold
 10866 | D:10     | Found a blossoming altar of Fedhas.
 10866 | D:10     | Found a staircase to the Lair.
 10916 | D:10     | Killed Harold
 10916 | D:10     | Reached skill level 11 in Unarmed Combat
 11035 | D:10     | Received a gift from Okawaru
 11036 | D:10     | Noticed Josephine
 11074 | D:10     | Gained mutation: When hurt, damage is shared between your health and your magic reserves. [demonic ancestry]
 11074 | D:10     | Reached XP level 11. HP: 80/84 MP: 8/11
 11084 | D:10     | Killed Josephine
 11148 | Lair:1   | Entered Level 1 of the Lair of Beasts
 11745 | Lair:1   | Noticed Nergalle
 11773 | Lair:1   | Killed Nergalle
 11773 | Lair:1   | Received a gift from Okawaru
 11776 | Lair:1   | Got a smoking cloak {god gift}
 11787 | Lair:1   | Identified the +1 cloak "Torroed" {rElec rF+++ Str-4 Dex+4} (Okawaru gifted it to you on level 1 of the Lair of Beasts)
 12930 | Lair:2   | Reached skill level 12 in Unarmed Combat
 13239 | Lair:2   | Identified a scroll of acquirement
 14459 | Lair:3   | Noticed a seven-headed hydra
 14460 | Lair:3   | Noticed a five-headed hydra
 14485 | Lair:3   | Killed a seven-headed hydra
 14485 | Lair:3   | Reached skill level 1 in Invocations
 14494 | Lair:3   | Killed a five-headed hydra
 14494 | Lair:3   | Gained mutation: You frequently emit foul miasma when damaged in melee. [demonic ancestry]
 14494 | Lair:3   | Reached XP level 12. HP: 23/94 MP: 1/13
 15009 | Lair:1   | Noticed an eight-headed hydra
 15010 | Lair:1   | Soeti: сдох?
 15021 | Lair:1   | Killed an eight-headed hydra
 15128 | D:8      | Bought a +2 chain mail of poison resistance for 259 gold pieces
 15140 | D:8      | Goblin1989: не
 15369 | Lair:4   | Found a labyrinth entrance.
 15381 | Lab      | Entered a labyrinth
 15652 | Lab      | Noticed a minotaur
 15658 | Lab      | Killed a minotaur
 15664 | Lab      | Identified Jukhlaira's Handbook of Enthralling Confrontation
 16376 | Lair:4   | Noticed an eight-headed hydra
 16525 | Lair:4   | Killed an eight-headed hydra
 16558 | Lair:4   | Reached skill level 5 in Invocations
 16803 | Lair:4   | Found a staircase to the Swamp.
 16974 | Lair:4   | Reached skill level 13 in Unarmed Combat
 17531 | Lair:5   | Found a frozen archway.
 17566 | IceCv    | Entered an ice cave
 17666 | IceCv    | Gained mutation: You have sharp fingernails. [demonic ancestry]
 17666 | IceCv    | Reached XP level 13. HP: 97/101 MP: 15/17
 18881 | IceCv    | Received a gift from Okawaru
 18986 | IceCv    | Noticed a frost giant
 18999 | IceCv    | Killed a frost giant
 18999 | IceCv    | Reached skill level 10 in Fighting
 19494 | Lair:5   | Received a gift from Okawaru
 19549 | Lair:5   | Learned a level 1 spell: Apportation
 19555 | Lair:5   | Learned a level 3 spell: Portal Projectile
 19560 | Lair:5   | Learned a level 4 spell: Passage of Golubria
 19674 | Lair:5   | Reached skill level 14 in Unarmed Combat
 20089 | Lair:5   | Found a hole to the Spider Nest.
 21269 | Lair:6   | Gained mutation: You are somewhat resistant to further mutation. [potion of beneficial mutation]
 21629 | Lair:7   | Reached skill level 10 in Armour
 21639 | Lair:7   | Noticed Snorg
 21652 | Lair:7   | Killed Snorg
 21652 | Lair:7   | Gained mutation: You have a pair of antennae on your head. [demonic ancestry]
 21652 | Lair:7   | Reached XP level 14. HP: 105/111 MP: 11/18
 21756 | Lair:7   | Reached skill level 10 in Shields
 22414 | Lair:7   | Reached ****** piety under Okawaru
 22662 | Lair:7   | Found a staircase to the Slime Pits.
 22662 | Lair:7   | Found a viscous altar of Jiyva.
 22829 | Lair:8   | Entered Level 8 of the Lair of Beasts
 23506 | Lair:8   | Received a gift from Okawaru
 23956 | Lair:8   | Received a gift from Okawaru
 23985 | Lair:8   | Found a white marble altar of Elyvilon.
 24033 | Lair:8   | Noticed Rupert
 24055 | Lair:8   | Paralysed by Rupert for 2 turns
 24064 | Lair:8   | Killed Rupert
 24064 | Lair:8   | Received a gift from Okawaru
 24064 | Lair:8   | Reached skill level 15 in Unarmed Combat
 24782 | Lair:8   | Received a gift from Okawaru
 25461 | Orc:1    | Entered Level 1 of the Orcish Mines
 25634 | Orc:2    | Received a gift from Okawaru
 25779 | Orc:1    | Noticed Maurice
 25786 | Orc:2    | Found Laaps's Armour Shoppe.
 25913 | Orc:3    | Found a roughly hewn altar of Beogh.
 27020 | Orc:3    | Found a staircase to the Elven Halls.
 27136 | Orc:3    | Received a gift from Okawaru
 27458 | Orc:4    | Entered Level 4 of the Orcish Mines
 27605 | Orc:4    | Reached XP level 15. HP: 89/119 MP: 15/19
 28137 | Orc:4    | Found Qetzum's Magic Scroll Shoppe.
 28137 | Orc:4    | Found Risygyma's Gadget Boutique.
 28139 | Orc:4    | Found Sogatott's Antique Weapon Shop.
 28141 | Orc:4    | Found Ushalium's Book Emporium.
 28217 | Orc:4    | Bought a scroll of fear for 45 gold pieces
 28573 | Orc:1    | Killed Maurice
 28812 | Orc:1    | Found a roughly hewn altar of Beogh.
 29140 | D:10     | Noticed a hill giant
 29150 | D:10     | Killed a hill giant
 29266 | D:10     | Received a gift from Okawaru
 31291 | D:12     | Found a flickering gateway to a bazaar.
 31302 | Bazaar   | Entered a bazaar
 31302 | Bazaar   | Found Kautt's Antique Weapon Emporium.
 31305 | Bazaar   | Found Meafikh's Distillery.
 31310 | Bazaar   | Found Cuowubih's Gadget Shoppe.
 31326 | Bazaar   | Found Ejoggaocko's Jewellery Boutique.
 31331 | Bazaar   | Bought an uncursed ring of poison resistance for 180 gold pieces
 31331 | Bazaar   | Bought an uncursed amulet of the gourmand for 270 gold pieces
 31331 | Bazaar   | Bought the ring "Mosuss" {Str+4 Int+4 Dex+6} for 495 gold pieces
 31369 | Bazaar   | Found Xoigg's Food Boutique.
 31394 | Bazaar   | Bought a potion of might for 60 gold pieces
 31394 | Bazaar   | Bought a potion of agility for 60 gold pieces
 31394 | Bazaar   | Bought a potion of agility for 60 gold pieces
 31394 | Bazaar   | Bought a potion of agility for 60 gold pieces
 31518 | D:11     | Reached skill level 16 in Unarmed Combat
 32164 | D:13     | Found a gate to the Vaults.
 32164 | D:13     | Noticed Donald
 32208 | D:13     | Killed Donald
 32754 | D:13     | Received a gift from Okawaru
 33204 | D:14     | Found a shadowy altar of Dithmenos.
 33980 | D:15     | Entered Level 15 of the Dungeon
 34472 | D:15     | Paralysed by an orc sorcerer for 2 turns
 34482 | D:15     | Killed from afar by a deep elf knight

Action                   |  1- 3 |  4- 6 |  7- 9 | 10-12 | 13-15 || total
-------------------------+-------+-------+-------+-------+-------++-------
Melee: Flail             |   142 |   126 |       |       |       ||   268
       Unarmed           |       |   109 |   533 |  1069 |  2506 ||  4217
Invok: Heroism           |       |       |     7 |    15 |    16 ||    38
       Finesse           |       |       |       |     3 |     6 ||     9
Evoke: Wand              |       |       |       |     2 |     3 ||     5
  Use: Potion            |       |     3 |     1 |     2 |     4 ||    10
       Scroll            |       |       |       |    30 |    11 ||    41
  Eat: Chunk             |     2 |     6 |    13 |    16 |    37 ||    74
       Fruit             |       |     1 |     5 |    21 |     5 ||    32
       Bread ration      |       |       |       |     1 |       ||     1
       Meat ration       |       |       |       |       |     3 ||     3
       Royal jelly       |       |       |       |       |     4 ||     4
       Beef jerky        |       |       |       |       |     1 ||     1
